 Dungeon Crawl Stone Soup version 0.30.0-18-gc0e69614cb (webtiles) character file.

Game seed: 12415560906639022977

6158 RascalDebosk the Fighter (level 11, 0/86 HPs)
             Began as a Djinni Summoner on May 24, 2023.
             Was a Follower of Ashenzari.
             Shot with an arrow by a centaur warrior (2 damage)
             ... on level 9 of the Dungeon on May 25, 2023.
             The game lasted 01:05:06 (8731 turns).

RascalDebosk the Fighter (Djinni Summoner)          Turns: 8731, Time: 01:05:06

Health: 0/86       AC: 11    Str:  7    XL:     11   Next: 13%
Gold:   474        EV: 11    Int: 27    God:    Ashenzari [*.....] SH:  5 Dex: 14

rFire   + + .        D - +1 rapier (flame)
rCold   x . .        (no shield)
rNeg    . . .        H - +0 acid dragon scales
rPois   ∞            p - +0 helmet
rElec   .            y - +2 cloak of the Tethered Pleiades {Self, Melee} (curse)
rCorr   +            (no gloves)
SInv    .            (boots unavailable)
Will    ++...        B - amulet of reflection
Stlth   ++           v - ring of the Ruined Panentheism {Int+6, Cun, Self} (curse)
HPRegen 0.34/turn    b - ring of willpower
MPRegen 0.00/turn

%: reflection, infuse magic (-1 HP)
@: flying
A: sickness immunity, fire resistance 2, cold vulnerability 1, float, innate
caster, HP casting, extra vitality 1
a: Renounce Religion, Curse Item, Shatter the Chains


You were on level 9 of the Dungeon.
You worshipped Ashenzari.
Ashenzari was aware of your devotion.
You visited 2 branches of the dungeon, and saw 10 of its levels.

You collected 474 gold pieces.

Inventory:

Hand Weapons
 A - a +1 short sword of venom
 D - a +1 rapier of flaming (weapon)
Armour
 p - a +0 helmet (worn)
 y - the cursed +2 cloak of the Tethered Pleiades (worn) {Self, Melee}
   (You found it on level 5 of the Dungeon)

   It has a curse which improves the following skills: Introspection: Fighting
   and Spellcasting.
   Melee Combat: Short Blades, Long Blades, Axes, Maces & Flails, Polearms,
   Staves and Unarmed Combat.
 H - +0 acid dragon scales (worn)
Jewellery
 a - a ring of protection from fire
 b - a ring of willpower (right hand)
 v - the cursed ring of the Ruined Panentheism (left hand) {Int+6, Cun, Self}
   (You found it on level 4 of the Dungeon)

   [ring of intelligence]

   Int:       It affects your intelligence (+6).
   It has a curse which improves the following skills: Cunning: Dodging and
   Stealth.
   Introspection: Fighting and Spellcasting.
 z - a +4 ring of protection
 B - an amulet of reflection (around neck)
 G - a +5 ring of evasion
Wands
 c - a wand of flame (13)
 h - a wand of quicksilver (9)
 i - a wand of polymorph (4)
 s - a wand of charming (10)
 J - a wand of mindburst (15)
Scrolls
 d - 2 scrolls of vulnerability
 e - a scroll of fear
 f - 3 scrolls of fog
 g - a scroll of blinking
 j - a scroll of torment
 k - a scroll of silence
 o - a scroll of brand weapon
 t - 3 scrolls of teleportation
 w - a scroll of enchant armour
 C - 4 scrolls of magic mapping
Potions
 l - 4 potions of attraction
 m - 8 potions of curing
 n - 4 potions of might
 q - 2 potions of haste
 r - 2 potions of resistance
 u - a potion of heal wounds
 x - a potion of brilliance
 E - 3 potions of lignification
 F - a potion of ambrosia
 K - a potion of mutation


   Skills:
 * Level 9.4(10.6) Fighting
 + Level 2.8(3.5) Short Blades
 - Level 4.0 Armour
 - Level 2.1(2.8) Dodging
 - Level 1.5(2.1) Stealth
 - Level 4.0 Shields
 * Level 8.6(9.9) Spellcasting
 - Level 4.0 Evocations


You knew the following spells:

 Your Spells              Type           Power      Damage    Failure   Level
a - Summon Small Mammal   Summ           100%       N/A       1%          1
b - Call Imp              Summ           100%       N/A       1%          2
c - Call Canine Familiar  Summ           61%        N/A       1%          3
d - Summon Guardian Gole  Hex/Summ       61%        N/A       1%          3
e - Summon Lightning Spi  Summ/Air       61%        N/A       1%          4
f - Slow                  Hex            100%       N/A       1%          1
g - Passwall              Tmut/Erth      50%        N/A       1%          2
h - Vhi's Electric Charg  Tloc/Air       100%       N/A       1%          3
i - Mephitic Cloud        Conj/Pois/Air  61%        N/A       1%          3
j - Fireball              Conj/Fire      30%        3d13      3%          5
Your spell library was empty.

Dungeon Overview and Level Annotations

Branches:
Dungeon (9/15)             Temple (1/1) D:6            Lair (0/5) D:8
    Orc: D:9-12

Altars:
Ashenzari
Cheibriados
Dithmenos
Elyvilon
Fedhas
Hepliaklqana
Makhleb
Nemelex Xobeh
Okawaru
Qazlal
Ru
Trog
Uskayaw
Wu Jian
Zin
The Shining One


Innate Abilities, Weirdness & Mutations

You are immune to sickness and miasma.
You are immune to poison.
Your flesh is very heat resistant. (rF++)
You are vulnerable to cold. (rC-)
You float through the air rather than walking.
You learn spells naturally, not from books.
Your magical power is your life essence.
You have superior vitality. (+4 MHP)


Message History

Confirm with . or Enter, or press ? or * to list all spells.
Aiming: Mephitic Cloud (safe; 1% risk of failure)
Press: ? - help, Shift-Dir - straight line The ball explodes into a vile cloud!
The stinking cloud engulfs the orc but does no damage.
You hear a loud, deep croak!
You hear a shout!
The orc is engulfed in noxious fumes.
Casting: Mephitic Cloud (safe; 1% risk of failure)
Confirm with . or Enter, or press ? or * to list all spells.
Aiming: Mephitic Cloud (safe; 1% risk of failure)
Press: ? - help, Shift-Dir - straight line, f - orc
Aim: an orc, wielding a +0 mace, wearing a +0 chain mail of fire resistance and quivering boomerangs (chance to affect: 96%)
The ball explodes into a vile cloud!
The stinking cloud engulfs the orc but does no damage.
You hear a shout!
The orc is engulfed in noxious fumes.
The orc appears confused.
Casting: Mephitic Cloud (safe; 1% risk of failure)
Confirm with . or Enter, or press ? or * to list all spells.
Aiming: Fireball (dangerous; 3% risk of failure)
Press: ? - help, Shift-Dir - straight line, f/p - orc
Aim: an orc, wielding a +0 mace, wearing a +0 chain mail of fire resistance and quivering boomerangs (noxious fumes, confused)
The fireball explodes!
The fireball engulfs the orc.
The orc resists.
The orc is severely wounded.
The orc is engulfed in noxious fumes.
The orc appears confused.
Casting: Fireball (dangerous; 3% risk of failure)
Confirm with . or Enter, or press ? or * to list all spells.
Aiming: Fireball (dangerous; 3% risk of failure)
Press: ? - help, Shift-Dir - straight line, f/p - orc
Aim: an orc, wielding a +0 mace, wearing a +0 chain mail of fire resistance and quivering boomerangs (severely wounded, confused)
The fireball explodes!
The fireball engulfs the orc!
The orc resists.
You kill the orc!
* * * LOW HITPOINT WARNING * * *
You start resting.
A bullfrog comes into view.
Casting: Fireball (dangerous; 3% risk of failure)
Confirm with . or Enter, or press ? or * to list all spells.
An electric hum fills the air.
* * * LOW HITPOINT WARNING * * *
A bullfrog is nearby!
A bullfrog is nearby!
Your lightning spire shoots out a bolt of lightning at the bullfrog!
The bolt of electricity hits the bullfrog!!
The bullfrog swells and bulges.
Your lightning spire shoots out a bolt of lightning at the bullfrog!
The bolt of electricity hits the bullfrog!!
The bullfrog dies!
You start resting.
You hear the quick creaking of a very distant portcullis.
You start resting.
Your lightning spire disappears in a puff of smoke!
You hear the loud creaking of a very distant portcullis.
You start resting.
A kobold brigand comes into view.
It is wielding a +0 dagger and quivering poisoned darts.
Casting: Summon Lightning Spire (mildly dangerous; 1% risk of failure)
Confirm with . or Enter, or press ? or * to list all spells.
An electric hum fills the air.
The kobold brigand shouts!
Your lightning spire shoots out a bolt of lightning at the kobold brigand!
The bolt of electricity hits the kobold brigand!
You hear a shout!
Your lightning spire shoots out a bolt of lightning at the kobold brigand!
The bolt of electricity hits the kobold brigand!!
The kobold brigand dies!
You hear a shout!
A kobold comes into view. It is wielding a +2 dagger of venom.
Your lightning spire shoots out a bolt of lightning at the kobold!
The bolt of electricity hits the kobold!
The kobold dies!
You hear a shout!
A kobold comes into view. It is wielding a +0 club.
A kobold comes into view. It is wielding a +0 dagger.
Your lightning spire shoots out a bolt of lightning at the kobold!
The bolt of electricity hits the kobold.
The kobold dies!
You hear a shout!
A centaur warrior comes into view.
It is wielding a +0 spear and quivering poisoned darts.
Your lightning spire shoots out a bolt of lightning at the kobold!
The bolt of electricity hits the kobold!
The kobold dies!
You hear a shout!
The centaur warrior unwields a +0 spear.
The centaur warrior wields a +0 longbow.
The centaur warrior shoots an arrow.
The arrow hits you!!
The centaur warrior shoots an arrow.
The arrow closely misses you.
The centaur warrior shoots an arrow.
The arrow hits you!
* * * LOW HITPOINT WARNING * * *
The centaur warrior shoots an arrow.
The arrow hits you!!
* * * LOW HITPOINT WARNING * * *
Casting: Summon Lightning Spire (mildly dangerous; 1% risk of failure)
Confirm with . or Enter, or press ? or * to list all spells.
Aiming: Fireball (dangerous; 3% risk of failure)
Press: ? - help, Shift-Dir - straight line, f - centaur warrior
Aim: a centaur warrior, wielding a +0 longbow and quivering poisoned darts The fireball explodes!
The fireball engulfs the centaur warrior!
The centaur warrior is moderately wounded.
* * * LOW HITPOINT WARNING * * *
You hear a shout!
The centaur warrior shoots an arrow.
The arrow hits you.
You die...

.## #....# #...##
#....# #....# .#
#...## ...# #..##
.....## #.##
#....### #..#
#...@.### #.##
#.#......### #.#
.c...)..).8.### #.#
##......)#....####.#
##).).†).)........#
.....#...###...####
......#.#.# ###.#
#.#...#.### ### ##.
..


You could see a centaur warrior (ally target) and a friendly lightning spire
(summoned).

Vanquished Creatures
  A tengu conjurer (D:9)
  4 yaks
  2 orc warriors (D:9)
  A sky beast (D:8)
  An ogre (D:7)
  2 centaurs
  A scorpion (D:5)
  A wight (D:7)
  6 killer bees (D:9)
  2 orc priests (D:9)
  A dart slug (D:1)
  6 orcs
  2 goblins (D:9)
  A jackal (D:1)
  A frilled lizard (D:2)
  4 kobolds
36 creatures vanquished.

Vanquished Creatures (collateral kills)
  Pikel (D:5)
  Maggie (D:7)
  A tengu conjurer (D:9)
  A hornet (D:9)
  2 yaks
  Menkaure (D:7)
  An acid dragon (D:9)
  3 water moccasins
  2 black bears
  3 ice beasts
  An ogre (D:7)
  2 centaurs
  4 lemures (D:5)
  Blork the orc (D:5)
  3 kobold brigands
  2 bullfrogs
  2 scorpions
  8 wights
  A howler monkey (D:8)
  A jelly (D:4)
  2 orc priests
  4 hounds
  A sleepcap (D:8)
  2 iguanas
  6 orc wizards
  A gnoll (D:9)
  9 adders
  A shadow imp (D:6)
  2 white imps
  4 ufetubi
  A worm (D:2)
  A dart slug (D:3)
  20 orcs
  9 endoplasms
  5 giant cockroaches
  5 goblins
  7 hobgoblins
  7 jackals (D:1)
  15 kobolds
  2 ball pythons (D:4)
  2 bats (D:1)
  2 frilled lizards (D:2)
  7 rats
156 creatures vanquished.

Vanquished Creatures (others)
  An orc (D:5)
1 creature vanquished.

Grand Total: 193 creatures vanquished

Notes
Turn   | Place    | Note
-------+----------+-------------------------------------------
     0 | D:1      | RascalDebosk the Djinni Summoner began the quest for the
                  | Orb.
     0 | D:1      | RascalDebosk set off with the following spells memorised:
                  | Summon Small Mammal, Call Imp, Call Canine Familiar, Summon
                  | Guardian Golem, Summon Lightning Spire.
     0 | D:1      | Reached XP level 1. HP: 15/15 MP: 0/0
   149 | D:1      | Reached XP level 2. HP: 21/21 MP: 0/0
   445 | D:1      | Reached XP level 3. HP: 25/25 MP: 0/0
   445 | D:1      | Learned a level 1 spell: Slow
  1622 | D:2      | Reached XP level 4. HP: 25/31 MP: 0/0
  1836 | D:3      | Found a faded altar of an unknown god.
  2642 | D:4      | Reached XP level 5. HP: 26/36 MP: 0/0
  2642 | D:4      | Learned a level 2 spell: Passwall
  2862 | D:4      | Found a burning altar of Makhleb.
  2895 | D:4      | Reached skill level 1 in Fighting
  3129 | D:4      | Reached skill level 1 in Evocations
  3398 | D:4      | Reached XP level 6. HP: 43/43 MP: 0/0
  3649 | D:5      | Entered Level 5 of the Dungeon
  3670 | D:5      | Reached skill level 2 in Fighting
  3831 | D:5      | Noticed an ice beast
  3843 | D:5      | Killed an ice beast
  3844 | D:5      | Reached skill level 5 in Spellcasting
  3853 | D:5      | Noticed Pikel
  3887 | D:5      | Killed Pikel
  3888 | D:5      | Reached skill level 4 in Fighting
  3888 | D:5      | Reached XP level 7. HP: 12/53 MP: 0/0
  3888 | D:5      | Learned a level 3 spell: Vhi's Electric Charge
  3888 | D:5      | Reached XP level 8. HP: 13/58 MP: 0/0
  4163 | D:5      | Noticed Blork the orc
  4168 | D:5      | Killed Blork the orc
  4292 | D:5      | Reached skill level 5 in Fighting
  4893 | D:6      | Found a staircase to the Ecumenical Temple.
  4916 | Temple   | Entered the Ecumenical Temple
  5026 | Temple   | Became a worshipper of Ashenzari the Shackled
  5575 | D:6      | Found a snail-covered altar of Cheibriados.
  5586 | D:6      | Found an ornate altar of the Wu Jian Council.
  5596 | D:6      | Reached skill level 6 in Fighting
  5596 | D:6      | Reached XP level 9. HP: 59/66 MP: 0/0
  5596 | D:6      | Learned a level 3 spell: Mephitic Cloud
  5723 | D:6      | Reached skill level 1 in Armour
  5723 | D:6      | Reached skill level 1 in Shields
  6114 | D:7      | Noticed Menkaure
  6114 | D:7      | Noticed Maggie
  6117 | D:7      | Killed Menkaure
  6124 | D:7      | Killed Maggie
  6125 | D:7      | Reached skill level 7 in Fighting
  6258 | D:7      | Reached XP level 10. HP: 76/76 MP: 0/0
  6463 | D:7      | Reached * piety under Ashenzari
  7205 | D:8      | Reached skill level 8 in Fighting
  7658 | D:8      | Found a staircase to the Lair.
  7782 | D:8      | Found a transporter.
  7807 | D:8      | Found a transporter.
  8183 | D:9      | Reached skill level 1 in Short Blades
  8416 | D:9      | Reached skill level 9 in Fighting
  8418 | D:9      | Reached XP level 11. HP: 48/86 MP: 0/0
  8418 | D:9      | Learned a level 5 spell: Fireball
  8727 | D:9      | Noticed a centaur warrior
  8731 | D:9      | Shot with an arrow by a centaur warrior

Illustrated notes

Levels and vault maps discovered:
D:1:      lightli_arrival_quake, layout_loops_ring
D:2:      layout_loops_cross
D:3:      layout_basic, nicolae_overflow_hidden_temple,
          hellmonk_ecumenical_altar_crossroads
D:4:      layout_layer_cave, mainiacjoe_overflow_surrounded_room,
          serial_park_tiny_2, moated_statue
D:5:      layout_loops_ring, serial_glass, glass_columns_b, glass_columns_a,
          uniq_blork_the_orc, uniq_pikel
D:6:      layout_rooms, mainiacjoe_overflow_large_starburst,
          minmay_temple_entry_mist
D:7:      layout_cave_pods, uniq_menkaure, uniq_maggie
D:8:      layout_basic, dpeg_oklobed_lair, nicolae_diode_stairs
D:9:      minmay_the_grid_triangle_9x9_recursive_2_mashed
          [minmay_the_grid_triangle_9x9_prize_insulated,
          minmay_the_grid_triangle_9x9_longest,
          minmay_the_grid_triangle_9x9_dagger,
          minmay_the_grid_triangle_9x9_odd_lines], layout_cave_pools,
          lightli_bailey_entry_fortress
Temple:   bh_familiar_temple

Skill      XL: |  1  2  3  4  5  6  7  8  9 10 |
---------------+-------------------------------+-----
Spellcasting   | 4 5 6 7 8 |  8.6
Fighting       | 1 4 6 7 9 |  9.4
Evocations     | 1 3 4 |  4.0
Armour         | 3 4 |  4.0
Shields        | 3 4 |  4.0
Short Blades   | 2 |  2.8
Dodging        | |  2.1
Stealth        | |  1.5

Action                     |  1- 3 |  4- 6 |  7- 9 | 10-12 || total
---------------------------+-------+-------+-------+-------++-------
  Melee: Short sword       |    11 |     8 |     3 |       ||    22
         Rapier            |       |       |    23 |    64 ||    87
         Punch             |       |       |       |     1 ||     1
   Cast: Summon Small Mamm |    53 |    14 |     4 |       ||    71
         Call Imp          |     6 |     5 |     2 |       ||    13
         Call Canine Famil |     6 |    13 |     8 |     7 ||    34
         Summon Lightning  |       |    20 |    33 |    25 ||    78
         Summon Guardian G |       |     3 |     2 |     1 ||     6
         Slow              |       |     1 |       |       ||     1
         Vhi's Electric Ch |       |       |     1 |       ||     1
         Mephitic Cloud    |       |       |     6 |     8 ||    14
         Fireball          |       |       |       |    13 ||    13
 Invoke: Curse Item        |       |       |     1 |     1 ||     2
    Use: Scroll            |       |       |       |     4 ||     4
         Potion            |       |       |       |     1 ||     1
   Stab: Sleeping          |       |     1 |       |       ||     1
         Distracted        |       |       |     2 |       ||     2
         Confused          |       |       |     1 |     1 ||     2
 Armour: Robe              |     9 |     6 |     4 |       ||    19
         Acid dragon scale |       |       |     2 |    34 ||    36
  Dodge: Dodged            |    30 |    18 |    38 |    36 ||   122
  Block: Other             |       |       |    16 |    18 ||    34
         Reflection        |       |       |     2 |     3 ||     5
